 Dungeon Crawl Stone Soup version 0.26-a0-652-gafc20e3620 (webtiles) character file.

Game seed: 8553416880083194982

847 smeego the Covert (level 8, -2/54 HPs)
             Began as an Octopode Delver on Oct 3, 2020.
             Was an Initiate of Gozag.
             Slain by a centaur
             ... wielding a +0 quarterstaff
              (12 damage)
             ... on level 6 of the Dungeon.
             The game lasted 00:05:31 (5583 turns).

smeego the Covert (Octopode Delver)                 Turns: 5583, Time: 00:05:31

Health: -2/54      AC:  1    Str: 17    XL:     8   Next: 1%
Magic:  8/8        EV: 15    Int: 19    God:    Gozag
Gold:   831        SH:  0    Dex: 14    Spells: 7/7 levels left

rFire    . . .     SeeInvis +   k - +5 flail of Qufrocol {venom, Int+5}
rCold    + . .     Faith    .   (no shield)
rNeg     . . .     Spirit   .   (helmet restricted)
rPois    .         Reflect  .   (no amulet)
rElec    .         Harm     .   n - ring of see invisible
rCorr    .         Rampage  .   q - +6 ring of strength
MR       .....                  s - ring of protection from cold
Stlth    +++++.....             (no ring)
HPRegen  0.18/turn              (no ring)
MPRegen  0.11/turn              (no ring)
                                (no ring)
                                (no ring)

@: lethally poisoned (-2 -> -8), hasted, very quick
A: almost no armour, stealthy swim, amphibious, 8 rings, constrict 8, camouflage
1, gelatinous body 1
a: Potion Petition, Call Merchant, Bribe Branch, Renounce Religion


You were on level 6 of the Dungeon.
You worshipped Gozag.
Gozag was pleased with you.
You visited 2 branches of the dungeon, and saw 7 of its levels.

You collected 853 gold pieces.
You paid 22 gold pieces to Gozag.

Inventory:

Hand Weapons
 a - a +0 falchion
 k - the +5 flail of Qufrocol (weapon) {venom, Int+5}
   (You found it on level 5 of the Dungeon)

   It poisons the flesh of those it strikes.
   It affects your intelligence (+5).
 u - a +1 dagger of venom
Jewellery
 n - a ring of see invisible (left tentacle)
 q - a +6 ring of strength (right tentacle)
 s - a ring of protection from cold (on tentacle)
Wands
 f - a wand of digging (3)
 i - a wand of paralysis (12)
Scrolls
 b - 2 scrolls of fog
 c - 5 scrolls of magic mapping
 d - a scroll of fear
 e - 4 scrolls of remove curse
 g - a scroll of teleportation
 m - 5 scrolls of identify
 r - a scroll of blinking {unknown}
 t - 2 scrolls of enchant weapon {unknown}
 v - a scroll of noise {unknown}
 w - 3 scrolls of immolation {unknown}
Potions
 h - 2 potions of might
 j - 2 potions of heal wounds
 l - 2 potions of haste
 o - 5 potions of curing
 p - a potion of flight


   Skills:
 + Level 4.3 Fighting
 * Level 5.1 Long Blades
 + Level 2.9 Throwing
 + Level 3.7 Dodging
 + Level 8.0 Stealth
 + Level 2.9 Unarmed Combat


You had 7 spell levels left.
You didn't know any spells.
Your spell library was empty.

Dungeon Overview and Level Annotations

Branches:
Dungeon (6/15)             Temple (1/1) D:5

Altars:
Ashenzari
Cheibriados
Dithmenos
Elyvilon
Gozag
Hepliaklqana
Kikubaaqudgha
Makhleb
Nemelex Xobeh
Okawaru
Qazlal
Ru
Sif Muna
Trog
Uskayaw
Vehumet
Wu Jian
Xom
Yredelemnul
Zin
The Shining One

Shops:
D:4 [


Innate Abilities, Weirdness & Mutations

You cannot wear most types of armour.
You are very stealthy in the water. (Stealth+)
You are amphibious.
You can wear up to eight rings at the same time.
You can use your tentacles to constrict eight enemies at once.
Your skin changes colour to match your surroundings (Stealth+).
Your rubbery body absorbs attacks. (AC +1, EV +1)


Message History

You barely miss the centaur. The centaur closely misses you.
The worker ant misses you.
Unknown command.
You hit the centaur.
You squeeze the centaur, but do no damage.
The centaur is moderately wounded.
The centaur closely misses you. The worker ant bites you.
You are poisoned.
The worker ant poisons you!
Unknown command.
You closely miss the centaur.
The centaur is moderately wounded.
You feel sick.
The centaur hits you with a +0 quarterstaff!
* * * LOW HITPOINT WARNING * * *
The worker ant bites you.
* * * LOW HITPOINT WARNING * * *
The centaur hits you with a +0 quarterstaff!
You die...
Your body crumbles into a pile of gold.

....####....#
#..#'#.# #####..
##.........<##
#..'_+.#
$#.#...Z.....#
#.##+###
ooZZ.........###.#..#
#c#...a......##(.#.#
.a...#.............#
#.#...$#.....>....##
$..#.$..........(.#
......##........@.#
............>...ca#
.....(..............
......#...........?.#
.##.####..........###
###.# .........Y# #..
.##....##. ....
#..... . #####


You could see an ice beast, a centaur and a worker ant.

Vanquished Creatures
  Grinder (D:4)
  An ogre (D:5)
  A bullfrog (D:6)
  A howler monkey (D:5)
  A bullfrog skeleton (D:5)
  A bullfrog zombie (D:6)
  A hound (D:5)
  An orc priest (D:3)
  3 orc wizards
  Terence (D:2)
  2 worker ants
  3 gnolls (D:3)
  6 adders
  A white imp (D:5)
  An ooze (D:2)
  4 worms
  6 leopard geckos
  8 orcs
  5 bats
  2 giant cockroaches
  8 goblins
  6 hobgoblins
  2 jackals (D:1)
  3 quokkas
  5 frilled lizards
  9 kobolds
  10 rats
93 creatures vanquished.

Notes
Turn   | Place    | Note
-------+----------+-------------------------------------------
     0 | D:5      | smeego the Octopode Delver began the quest for the Orb.
     0 | D:5      | Reached XP level 1. HP: 16/16 MP: 1/1
    29 | D:5      | Found a staircase to the Ecumenical Temple.
    41 | Temple   | Entered the Ecumenical Temple
   262 | D:5      | Reached XP level 2. HP: 6/21 MP: 2/2
   262 | D:5      | Reached XP level 3. HP: 8/26 MP: 3/3
   557 | D:5      | Got a masterwork flail
   568 | D:5      | Identified the +5 flail of Qufrocol {venom, Int+5} (You
                  | found it on level 5 of the Dungeon)
   576 | D:5      | Reached skill level 1 in Throwing
   576 | D:5      | Reached skill level 1 in Unarmed Combat
   576 | D:5      | Reached XP level 4. HP: 27/31 MP: 4/4
   618 | D:5      | Reached skill level 7 in Stealth
   754 | D:5      | Noticed an ogre
   989 | Temple   | Became a worshipper of Gozag Ym Sagoz the Greedy
  1212 | D:4      | Noticed Grinder
  1254 | D:4      | Found Epnimo's Armour Shoppe.
  1779 | D:1      | Reached XP level 5. HP: 33/36 MP: 5/5
  2602 | D:2      | Noticed Terence
  2610 | D:2      | Killed Terence
  3203 | D:3      | Reached XP level 6. HP: 42/42 MP: 6/6
  4534 | D:4      | Paralysed by Grinder for 4 turns
  4545 | D:4      | Killed Grinder
  4545 | D:4      | Reached XP level 7. HP: 28/48 MP: 7/7
  5231 | D:6      | Reached skill level 5 in Long Blades
  5231 | D:6      | Reached skill level 8 in Stealth
  5541 | D:6      | Found a burning altar of Makhleb.
  5554 | D:6      | Reached XP level 8. HP: 54/54 MP: 8/8
  5583 | D:6      | Slain by a centaur

Illustrated notes

Levels and vault maps discovered:
D:1:      giann_horns, layout_basic
D:2:      layout_basic, minmay_puff, uniq_terence
D:3:      layout_loops_ring
D:4:      layout_loops_corners, serial_shops, shop, uniq_grinder
D:5:      layout_loops_cross, minmay_temple_entry_slanted
D:6:      layout_rooms, kennysheep_mini, basic_altar
Temple:   regret_index_temple_sigil_plot

Skill      XL: |  1  2  3  4  5  6  7 |
---------------+----------------------+-----
Throwing       | 1 2 |  2.9
Unarmed Combat | 1 2 |  2.9
Long Blades    | 3 4 5 |  5.1
Stealth        | 7 8 |  8.0
Dodging        | 3 |  3.7
Fighting       | 4 |  4.3

Action                   |  1- 3 |  4- 6 |  7- 9 || total
-------------------------+-------+-------+-------++-------
Melee: Falchion          |     4 |       |       ||     4
       Tentacles         |     2 |    17 |     6 ||    25
       Constrict         |     2 |    28 |     5 ||    35
       Flail             |     2 |   111 |    24 ||   137
       Punch             |       |     3 |       ||     3
Evoke: Wand              |       |     3 |     1 ||     4
  Use: Potion            |     1 |       |     2 ||     3
       Scroll            |       |     4 |     2 ||     6
 Stab: Sleeping          |     1 |    24 |     1 ||    26
       Paralysed         |       |     2 |       ||     2
       Distracted        |       |       |     1 ||     1
Armor: Skin              |     1 |     3 |       ||     4
Dodge: Dodged            |     3 |    45 |    37 ||    85
       Rpst.: Falchion   |     1 |       |       ||     1

Table legend: (Time is in decaauts)
 A = Elapsed time spent in this place.
 B = Non-inter-level travel time spent in this place.
 C = Inter-level travel time spent in this place.
 D = Time resting spent in this place.
 E = Time spent auto-exploring this place.
 F = Levels seen in this place.
 G = Mean time per level.
                   A        B        C        D        E       F      G
               +--------+--------+--------+--------+--------+-----+--------+
         Total |   5627 |   5391 |    236 |    729 |   3791 |   7 |  803.9 |
       Dungeon |   5384 |   5149 |    235 |    729 |   3599 |   6 |  897.3 |
        Temple |    242 |    241 |      1 |      0 |    192 |   1 |  242.0 |
               +--------+--------+--------+--------+--------+-----+--------+

Top non-repeatable levels by time:
     D:5: 1254 daAuts
     D:2: 982 daAuts
     D:3: 925 daAuts
     D:4: 906 daAuts
     D:1: 889 daAuts
     D:6: 426 daAuts
  Temple: 242 daAuts
